 Dungeon Crawl Stone Soup version 0.21-a0-634-gaf8bc5d (webtiles) character file.

61 4thArraOfDagon the Firebug (level 3, 0/24 HPs)
             Began as a Demonspawn Fire Elementalist on Dec 29, 2017.
             Slain by an adder (5 damage)
             ... on level 3 of the Dungeon.
             The game lasted 00:04:05 (551 turns).

4thArraOfDagon the Firebug (DsFE)                    Turns: 551, Time: 00:04:05

Health: 0/24       AC:  2    Str:  8    XL:     3   Next: 83%
Magic:  1/6        EV: 12    Int: 17    God:
Gold:   83         SH:  0    Dex: 13    Spells: 2/6 levels left

rFire    . . .     SeeInvis .     - Unarmed
rCold    . . .     Gourm    .   (no shield)
rNeg     . . .     Faith    .   a - +0 robe
rPois    .         Spirit   .   (no helmet)
rElec    .         Reflect  .   (no cloak)
rCorr    .         Harm     .   (no gloves)
MR       +....                  (no boots)
Stlth    ++........             (no amulet)
HPRegen  0.08/turn              n - ring of protection from magic
MPRegen  0.10/turn              (no ring)

@: no status effects
A: sturdy frame 1
a: no special abilities


You were on level 3 of the Dungeon.
You were not hungry.

You visited 1 branch of the dungeon, and saw 3 of its levels.

You collected 83 gold pieces.

Inventory:

Armour
 a - a +0 robe (worn)
Jewellery
 n - a ring of protection from magic (left hand)
Wands
 p - a wand of polymorph (5)
Scrolls
 e - a scroll of fear {unknown}
 g - a scroll of identify {unknown}
 h - 2 scrolls of magic mapping {unknown}
 j - a scroll of blinking {unknown}
 m - a scroll of noise {unknown}
 o - a scroll of teleportation {unknown}
Potions
 f - a potion of agility {unknown}
 i - a potion of flight {unknown}
 k - a potion of brilliance
 l - a potion of curing
 q - a potion of lignification {unknown}
Books
 b - a book of Flames

   Spells                             Type                      Level
   a - Flame Tongue                   Conjuration/Fire             1
   b - Throw Flame                    Conjuration/Fire             2
   c - Conjure Flame                  Conjuration/Fire             3
   d - Inner Flame                    Hexes/Fire                   3
   e - Sticky Flame                   Conjuration/Fire             4
   f - Fireball                       Conjuration/Fire             5
 d - a book of Changes

   Spells                             Type                      Level
   a - Beastly Appendage              Transmutation                1
   b - Sticks to Snakes               Transmutation                2
   c - Spider Form                    Transmutation/Poison         3
   d - Ice Form                       Ice/Transmutation            4
   e - Blade Hands                    Transmutation                5
Comestibles
 c - a ration


   Skills:
 - Level 1.7 Dodging
 - Level 1.7 Stealth
 * Level 1.8 Unarmed Combat
 - Level 2.2 Spellcasting
 - Level 2.0 Conjurations
 - Level 3.2 Fire Magic


You had 2 spell levels left.
You knew the following spells:

 Your Spells              Type           Power        Failure   Level  Hunger
a - Flame Tongue          Conj/Fire      ##...        6%          1    #......
b - Conjure Flame         Conj/Fire      ##......     19%         3    ###....


Dungeon Overview and Level Annotations

Branches:
Dungeon (3/15)

Altars:

Annotations:
D:3 Regeox's ghost, amateur DsFi


Innate Abilities, Weirdness & Mutations

Your movements are slightly less encumbered by armour. (ER -2)


Message History

The adder barely misses you. The adder bites you.
* * * LOW HITPOINT WARNING * * *
Okay, then.
Casting: Flame Tongue
Confirm with . or Enter, or press ? or * to list all spells.
Aiming: Flame Tongue
Press: ? - help, Shift-Dir - straight line, f/p - adder
Aim: an adder (severely wounded)
The flame tongue hits the adder.
The adder is severely wounded.
The adder bites you.
* * * LOW HITPOINT WARNING * * *
Unknown command.
Casting: Flame Tongue
Confirm with . or Enter, or press ? or * to list all spells.
Aiming: Flame Tongue
Press: ? - help, Shift-Dir - straight line, f/p - adder
Aim: an adder (severely wounded)
The flame tongue misses the adder.
The adder bites you.
You die...

### ..####### ##.......#
#........ ####.....#.#
#........#.# .
#w##...###.# . . ###
##.##†..#...### .#. .##..
#..#.@S.#.#...# .).
.##...#.##....#.#.#.# ..#
.........##......()..#
..##.......##........##(##
.....................#..#
.....###...##(####..(..##
#.#..# ### #.# ##.#..#
.....# #.# #.#..#
.#.#....# ..# #....#


You could see an adder.

Vanquished Creatures
  A gnoll (D:3)
  2 adders
  3 leopard geckos
  2 giant cockroaches
  4 goblins
  2 hobgoblins
  A quokka (D:3)
  2 ball pythons (D:3)
  2 bats
  3 frilled lizards (D:1)
  5 kobolds
  3 rats
30 creatures vanquished.

Notes
Turn   | Place    | Note
-------+----------+-------------------------------------------
     0 | D:1      | 4thArraOfDagon the Demonspawn Fire Elementalist began the quest for the Orb.
     0 | D:1      | Reached XP level 1. HP: 13/13 MP: 3/3
   122 | D:1      | Thaneod: restart?
   209 | D:2      | Gained mutation: Your movements are slightly less encumbered by armour. (ER -2) [demonic ancestry]
   209 | D:2      | Reached XP level 2. HP: 19/19 MP: 3/5
   225 | D:2      | Reached skill level 3 in Fire Magic
   332 | D:3      | Noticed Regeox's ghost (amateur DsFi)
   337 | D:3      | Reached XP level 3. HP: 24/24 MP: 1/6
   346 | D:2      | Learned a level 3 spell: Conjure Flame
   445 | D:3      | Reached skill level 1 in Unarmed Combat
   457 | D:3      | HP: 1/24 [bat (1)]
   551 | D:3      | Slain by an adder

Vault maps used:
D:1:      dpeg_arrival_arbitrary_c
D:2:      first_ration, minmay_hexomino_f4
D:3:      nemelex_dance_club_becter

Skill      XL: |  1  2  3 |
---------------+----------+-----
Fire Magic     | 3 |  3.2
Conjurations   | 2 |  2.0
Unarmed Combat | 1 |  1.8
Dodging        | |  1.7
Stealth        | |  1.7
Spellcasting   | |  2.2

Action                   || total
-------------------------++-------
Melee: Unarmed           ||    28
 Cast: Flame Tongue      ||    53
  Use: Potion            ||     5
Armor: Robe              ||    10
Dodge: Dodged            ||    64

Table legend:
 A = Spawn XP
 B = Non-spawn XP
 C = Spawn XP percentage of total XP
 D = Spawn monster count
 E = Non-spawn monster count
 F = Spawn count percentage of total count
 G = Total turns spent on level
                    A         B        C        D         E        F      G
               +---------+---------+-------+---------+---------+-------+---------
         Total |       0 |      88 |   0.0 |       0 |      30 |   0.0 |   551
               +---------+---------+-------+---------+---------+-------+---------
           D:1 |       0 |      11 |   0.0 |       0 |       9 |   0.0 |   211
           D:2 |       0 |      25 |   0.0 |       0 |       6 |   0.0 |   165
           D:3 |       0 |      52 |   0.0 |       0 |      15 |   0.0 |   175
               +---------+---------+-------+---------+---------+-------+---------
